 Dungeon Crawl Stone Soup version 0.19.0-19-g8c6edcc (webtiles) character file.

5044 JeffiDaFish the Basher (level 10, -1/61 HPs)
             Began as a Gargoyle Fighter on Nov 16, 2016.
             Was an Initiate of Makhleb.
             Slain by HyperSnackFlakAttack's ghost (7 damage)
             ... on level 8 of the Dungeon.
             The game lasted 00:17:18 (6704 turns).

JeffiDaFish the Basher (Gargoyle Fighter)           Turns: 6704, Time: 00:17:18

Health: -1/61      AC: 23    Str: 29    XL:     10   Next: 55%
Magic:  11/11      EV:  9    Int:  9    God:    Makhleb [......]
Gold:   305        SH: 14    Dex: 12    Spells: 0 memorised, 9 levels left

rFire  . . .     SeeInvis +     a - +2 flail
rCold  . . .     Gourm    .     b - +3 chain mail of the Shining One {rCorr Dex+2 SInv Stlth-}
rNeg   + . .     Faith    .     k - +2 shield
rPois  ∞         Spirit   .     (helmet restricted)
rElec  +         Reflect  .     (no cloak)
rCorr  +         Harm     .     u - +0 pair of gloves
MR     .....     Clarity  +     l - +0 pair of boots
Stlth  ..........               (no amulet)
                                c - +1 ring of evasion
                                g - ring of see invisible

@: mighty
A: antennae 1, blink, clarity, high mp 1, negative energy resistance 1,
electricity resistance, strong 1, unbreathing, petrification resistance, rot
immunity, AC +7
a: Blink, Renounce Religion


You were on level 8 of the Dungeon.
You worshipped Makhleb.
Makhleb was noncommittal.
You were not hungry.

You visited 2 branches of the dungeon, and saw 9 of its levels.

You collected 305 gold pieces.

Inventory:

Hand Weapons
 a - a +2 flail (weapon)
Armour
 b - the +3 chain mail of the Shining One (worn) {rCorr Dex+2 SInv Stlth-}
   (You found it on level 5 of the Dungeon)

   It affects your dexterity (+2).
   It lets you see invisible.
   It protects you from acid and corrosion.
   It makes you less stealthy.
 k - a +2 shield (worn)
 l - a +0 pair of boots (worn)
 u - a +0 pair of gloves (worn)
Jewellery
 c - a +1 ring of evasion (right hand)
 g - a ring of see invisible (left hand)
Wands
 m - a wand of random effects (22/48)
 o - a wand of lightning (4/15)
 p - a wand of heal wounds (4/9)
 s - a wand of acid (9/15)
 t - a wand of lightning (3/15)
 w - a wand of iceblast (8/15)
Scrolls
 e - 8 scrolls of remove curse
 j - 2 scrolls of magic mapping
 n - 5 scrolls of identify
 q - a scroll of fog
 y - a scroll of amnesia
 z - a scroll of teleportation
Potions
 d - 2 potions of might
Books
 r - a book of Minor Magic

   Spells                             Type                      Level
   a - Magic Dart                     Conjuration                  1
   b - Blink                          Translocation                2
   c - Call Imp                       Summoning                    2
   d - Repel Missiles                 Charms/Air                   2
   e - Slow                           Hexes                        2
   f - Conjure Flame                  Conjuration/Fire             3
   g - Mephitic Cloud                 Conjuration/Poison/Air       3
 v - a Young Poisoner's Handbook

   Spells                             Type                      Level
   a - Sting                          Conjuration/Poison           1
   b - Mephitic Cloud                 Conjuration/Poison/Air       3
   c - Olgreb's Toxic Radiance        Poison                       4
   d - Alistair's Intoxication        Transmutation/Poison         5
   e - Venom Bolt                     Conjuration/Poison           5
Comestibles
 f - 2 bread rations
 h - a fruit
 i - 3 meat rations
 x - a chunk of flesh


   Skills:
 + Level 6.4 Fighting
 + Level 10.7 Maces & Flails
 + Level 6.8 Armour
 + Level 2.1 Dodging
 + Level 0.2 Stealth
 + Level 9.0 Shields


You had 9 spell levels left.
You didn't know any spells.

Dungeon Overview and Level Annotations

Branches:
Dungeon (8/15)             Temple (1/1) D:7
   Lair: D:8-11

Altars:
Dithmenos
Elyvilon
Kikubaaqudgha
Makhleb
Nemelex Xobeh
Qazlal
Ru
Sif Muna
Uskayaw
Yredelemnul

Annotations:
D:8 HyperSnackFlakAttack's ghost, novice MiAK


Innate Abilities, Weirdness & Mutations

You are resistant to torment.
Your stone body is resilient. (AC +7)
You are immune to poison.
You resist negative energy. (rN+)
You are resistant to electric shocks. (rElec)
You can survive without breathing.
You are immune to petrification.
You are immune to rotting.
You have a pair of small antennae on your head.
You can translocate small distances at will.
You possess an exceptional clarity of mind.
You have an increased reservoir of magic. (+10% MP)
Your muscles are strong. (Str +2)


Message History

* * * LOW HITPOINT WARNING * * *
You block the leopard gecko's attack.
A kobold comes into view. It is wielding a whip.
You barely miss HyperSnackFlakAttack's ghost.
HyperSnackFlakAttack's ghost is moderately damaged.
You block HyperSnackFlakAttack's ghost's attack.
The kobold barely misses you.
The big kobold hits you but does no damage.
You block the leopard gecko's attack.
You sock HyperSnackFlakAttack's ghost!
HyperSnackFlakAttack's ghost is heavily damaged.
You block HyperSnackFlakAttack's ghost's attack.
The kobold barely misses you. You block the leopard gecko's attack.
The big kobold hits you.
* * * LOW HITPOINT WARNING * * *
A kobold comes into view. It is wielding a club.
You hit HyperSnackFlakAttack's ghost.
HyperSnackFlakAttack's ghost is heavily damaged.
The kobold moves out of view.
HyperSnackFlakAttack's ghost hits you!
You die...

## ..# #..' ###.# ..#
#..# ....# .... #..#
....#..... ##..#####
....#..... #.......#
..^.'..... .c. ...#
##..###.. # #W# #..#
##..## ##'##@###..#
#....# #..KlKK..%.#
'....# +...KK(....#
##...##############...#
##..)##...###[..###...#
#.....+...#.....#.....#
#.....#...#.....+.....#
####.####'##.##.#####'#
####.####.##.##.###...#


You could see a big kobold, a centaur, HyperSnackFlakAttack's ghost, a leopard
gecko and 4 kobolds.

Vanquished Creatures
  Erica (D:8)
  Pikel (D:7)
  A hippogriff (D:8)
  4 yaks (D:7)
  A water moccasin (D:7)
  2 orc warriors
  2 phantoms
  4 sky beasts
  4 slaves (D:7)
  5 ogres
  2 centaurs
  2 bullfrogs (D:6)
  A wyvern zombie (D:6)
  A gnoll sergeant (D:6)
  2 scorpions
  A wight (D:6)
  5 howler monkeys
  A bullfrog zombie (D:6)
  7 crimson imps
  2 centaur zombies
  2 jellies
  4 hounds
  2 orc wizards
  A bullfrog skeleton (D:6)
  6 orc priests
  An iguana (D:4)
  7 worker ants
  A killer bee zombie (D:6)
  8 adders
  A white imp (D:5)
  An ooze (D:2)
  An adder skeleton (D:4)
  An adder zombie (D:8)
  A dart slug (D:4)
  3 worms
  5 leopard geckos
  24 orcs
  A ball python (D:2)
  3 giant cockroaches
  8 goblins
  5 hobgoblins
  7 jackals
  4 quokkas
  3 bats
  A frilled lizard (D:1)
  6 kobolds
  A leopard gecko skeleton (D:5)
  2 leopard gecko zombies
  2 quokka skeletons (D:4)
  4 rats
165 creatures vanquished.

Vanquished Creatures (others)
  An orc wizard (D:7)
1 creature vanquished.

Grand Total: 166 creatures vanquished

Notes
Turn   | Place    | Note
-------+----------+-------------------------------------------
     0 | D:1      | JeffiDaFish the Gargoyle Fighter began the quest for the Orb.
     0 | D:1      | Reached XP level 1. HP: 14/14 MP: 1/1
   364 | D:1      | Reached XP level 2. HP: 19/19 MP: 2/2
  1077 | D:2      | Reached XP level 3. HP: 20/23 MP: 3/3
  1290 | D:2      | Found a faded altar of an unknown god.
  1290 | D:2      | Found a faded altar of an unknown god.
  1297 | D:2      | Found a faded altar of an unknown god.
  1299 | D:2      | Found a stormy altar of Qazlal.
  1300 | D:2      | Found a faded altar of an unknown god.
  1352 | D:2      | Found a sparkling altar of Nemelex Xobeh.
  1355 | D:2      | Found a basalt altar of Yredelemnul.
  1696 | D:3      | Reached skill level 3 in Maces & Flails
  1696 | D:3      | Reached XP level 4. HP: 5/28 MP: 4/4
  2007 | D:3      | Reached skill level 1 in Dodging
  2252 | D:3      | Noticed a centaur
  2259 | D:3      | Killed a centaur
  2259 | D:3      | Reached XP level 5. HP: 22/32 MP: 5/5
  2619 | D:4      | Reached XP level 6. HP: 35/38 MP: 6/6
  2716 | D:4      | Reached skill level 4 in Maces & Flails
  2716 | D:4      | Reached skill level 5 in Shields
  2773 | D:4      | Noticed a phantom
  2792 | D:4      | Killed a phantom
  2873 | D:4      | Reached skill level 5 in Maces & Flails
  2873 | D:4      | Reached XP level 7. HP: 43/43 MP: 7/7
  3139 | D:4      | Reached skill level 6 in Maces & Flails
  3244 | D:5      | Entered Level 5 of the Dungeon
  3372 | D:5      | Reached XP level 8. HP: 45/48 MP: 8/8
  3877 | D:5      | Gained mutation: You can translocate small distances at will. [potion of mutation]
  3877 | D:5      | Gained mutation: You have an increased reservoir of magic. (+10% MP) [potion of mutation]
  3877 | D:5      | Gained mutation: You have a pair of small antennae on your head. [potion of mutation]
  3878 | D:5      | Gained mutation: Your muscles are strong. (Str +2) [potion of mutation]
  3878 | D:5      | Gained mutation: You possess an exceptional clarity of mind. [potion of mutation]
  3956 | D:5      | Got a jewelled chain mail
  3967 | D:5      | Identified the +3 chain mail of the Shining One {rCorr Dex+2 SInv Stlth-} (You found it on level 5 of the Dungeon)
  4037 | D:5      | Reached skill level 7 in Maces & Flails
  4277 | D:6      | Found a hide-covered altar of Uskayaw.
  4681 | D:6      | Reached skill level 5 in Armour
  4714 | D:6      | Reached XP level 9. HP: 46/53 MP: 9/9
  4753 | D:6      | Reached skill level 8 in Maces & Flails
  4914 | D:6      | Reached skill level 5 in Fighting
  5467 | D:7      | Reached skill level 9 in Maces & Flails
  5621 | D:7      | Noticed Pikel
  5658 | D:7      | Killed Pikel
  5871 | D:7      | Reached XP level 10. HP: 46/60 MP: 11/11
  5891 | D:7      | Found a staircase to the Ecumenical Temple.
  5951 | Temple   | Entered the Ecumenical Temple
  6090 | Temple   | Became a worshipper of Makhleb the Destroyer
  6159 | D:7      | Reached skill level 10 in Maces & Flails
  6509 | D:8      | Noticed Erica
  6539 | D:8      | Killed Erica
  6678 | D:8      | Noticed HyperSnackFlakAttack's ghost (novice MiAK)
  6704 | D:8      | Slain by HyperSnackFlakAttack's ghost

Skill      XL: |  1  2  3  4  5  6  7  8  9 10 |
---------------+-------------------------------+-----
Maces & Flails | 3 5 6 7 9 10 | 10.7
Shields        | 4 5 6 7 8 9 |  9.0
Dodging        | 1 2 |  2.1
Armour         | 4 5 6 |  6.8
Fighting       | 4 5 6 |  6.4
Stealth        | |  0.2

Action                   |  1- 3 |  4- 6 |  7- 9 | 10-12 || total
-------------------------+-------+-------+-------+-------++-------
Melee: Flail             |   156 |   141 |   598 |   145 ||  1040
  Use: Scroll            |     7 |     1 |     2 |       ||    10
       Potion            |     2 |     1 |     3 |     5 ||    11
  Eat: Chunk             |     3 |     4 |     9 |     3 ||    19
       Fruit             |       |       |     2 |       ||     2
Armor: Scale mail        |    84 |       |       |       ||    84
       Chain mail        |    29 |    90 |   243 |    54 ||   416
Dodge: Dodged            |    75 |    41 |   123 |    35 ||   274
Block: Shield            |   135 |   108 |   345 |    89 ||   677
